 Dungeon Crawl Stone Soup version 0.31-a0-1612-g4aaf141004 (webtiles) character file.

Game seed: 4789358784623239124

31697 MisterAzrael the Grappler (level 13, -5/101 HPs)
             Began as a Gnoll Shapeshifter on Jan 10, 2024.
             Was an Elder of Qazlal.
             Slain by a five-headed hydra (6 damage)
             ... while petrified by a basilisk
             ... on level 5 of the Lair of Beasts.
             The game lasted 00:32:43 (17577 turns).

MisterAzrael the Grappler (Gnoll Shapeshifter)     Turns: 17577, Time: 00:32:44

Health: -5/101     AC: 14    Str: 19    XL:     13   Next: 59%
Magic:  25/25      EV:  2    Int:  9    God:    Qazlal [****..]
Gold:   1045       SH:  0    Dex: 18    Spells: 23/29 levels left

rFire   . .          .
                       - Unarmed
rCold   . . .        E - +2 kite shield {reflect}
rNeg    + + +        w - +1 plate armour
rPois   ∞            (helmet currently unavailable)
rElec   .            (cloak currently unavailable)
rCorr   .            (gloves currently unavailable)
SInv    +            (boots currently unavailable)
Will    .....        t - amulet of regeneration Stlth
                     m - +6 ring of dexterity
HPRegen 1.16/turn    A - ring of see invisible
MPRegen 0.19/turn

%: repel missiles, reflection
@: beast-form, petrified, hasted
A: beast (slay +4), fangs 1, strong nose, distributed training, antennae 1,
screaming 1
a: Begin Untransformation, Renounce Religion, Upheaval, Elemental Force


You were on level 5 of the Lair of Beasts.
You worshipped Qazlal.
Qazlal was greatly pleased with you.
You were a hulking beast.
You visited 3 branches of the dungeon, and saw 19 of its levels.

You collected 1045 gold pieces.

Inventory:

Hand Weapons
 u - a +0 arbalest of freezing
Missiles
 f - a throwing net
 H - 26 poisoned darts
Armour
 a - a +0 animal skin
 l - a +2 troll leather armour
 w - a +1 plate armour (worn)
 E - a +2 kite shield of reflection (worn)
 G - a +0 pair of boots
 I - an orb of energy
 J - the +0 plate armour of Arryul {rCorr}
   (You found it on level 9 of the Dungeon)

   rCorr:     It protects you from acid and corrosion.
 P - a +1 hat
Jewellery
 m - a +6 ring of dexterity (left hand)
 p - a ring of ice
 s - an amulet of magic regeneration
 t - an amulet of regeneration (around neck)
 y - a +5 ring of evasion
 z - a ring of ice
 A - a ring of see invisible (right hand)
 C - a ring of resist corrosion
 S - a ring of magical power
 T - a +6 ring of intelligence
Talismans
 c - a beast talisman
 d - a flux talisman
Wands
 F - a wand of polymorph (3)
 L - a wand of paralysis (2) (quivered)
 O - a wand of light (5)
Scrolls
 b - 3 scrolls of amnesia
 e - 4 scrolls of immolation
 h - 5 scrolls of enchant weapon
 i - 9 scrolls of identify
 j - 2 scrolls of revelation {unknown}
 n - 7 scrolls of teleportation
 o - 3 scrolls of silence
 v - 2 scrolls of vulnerability
 x - 6 scrolls of fog
 K - a scroll of enchant armour
 R - 3 scrolls of poison
Potions
 g - a potion of haste
 k - 4 potions of enlightenment
 q - a potion of magic
 r - 2 potions of curing
 D - a potion of resistance
 M - 2 potions of invisibility {unknown}
 N - a potion of might
 Q - a potion of berserk rage {unknown}
Miscellaneous
 B - a phial of floods


   Skills:
 + Level 9.2 Fighting
 + Level 8.7 Short Blades
 + Level 8.7 Long Blades
 + Level 8.7 Axes
 + Level 8.7 Maces & Flails
 + Level 8.7 Polearms
 + Level 8.7 Staves
 + Level 8.7 Ranged Weapons
 + Level 8.7 Throwing
 + Level 8.7 Armour
 + Level 9.9 Dodging
 + Level 8.7 Stealth
 + Level 8.7 Shields
 + Level 10.9 Unarmed Combat
 + Level 8.7 Spellcasting
 + Level 7.3 Conjurations
 + Level 7.3 Hexes
 + Level 7.3 Summonings
 + Level 7.3 Necromancy
 + Level 7.3 Translocations
 + Level 7.3 Fire Magic
 + Level 7.3 Ice Magic
 + Level 7.3 Air Magic
 + Level 7.3 Earth Magic
 + Level 7.3 Alchemy
 + Level 9.5 Invocations
 + Level 8.7 Evocations
 + Level 10.3 Shapeshifting


You had 23 spell levels left.
You knew the following spells:

 Your Spells              Type           Power      Damage    Failure   Level
a - Ozocubu's Armour      Ice            17%        N/A       73%         3
b - Fugue of the Fallen   Necr           17%        N/A       73%         3

Your spell library contained the following spells:

 Spells                   Type           Power      Damage    Failure   Level
 Magic Dart               Conj           68%        1d6       36%         1
 Necrotise                Necr           68%        1d7       36%         1
 Blink                    Tloc           34%        N/A       50%         2
 Call Imp                 Summ           34%        N/A       50%         2
 Ensorcelled Hibernation  Hex/Ice        34%        N/A       50%         2
 Lesser Beckoning         Tloc           34%        N/A       50%         2
 Mercury Vapours          Alch/Air       34%        N/A       50%         2
 Gell's Gravitas          Tloc           17%        N/A       73%         3
 Mephitic Cloud           Conj/Alch/Air  17%        N/A       73%         3
 Passwall                 Erth           17%        N/A       73%         3
 Swiftness                Air            17%        N/A       73%         3
 Teleport Other           Tloc           17%        N/A       73%         3
 Tukima's Dance           Hex            17%        N/A       73%         3
 Vampiric Draining        Necr           17%        2d7       73%         3
 Animate Dead             Necr           17%        N/A       98%         4
 Manifold Assault         Tloc           17%        N/A       98%         4
 Martyr's Knell           Necr/Summ      17%        N/A       98%         4
 Passage of Golubria      Tloc           17%        N/A       98%         4
 Borgnjor's Vile Clutch   Necr/Erth      8%         N/A       100%        5
 Curse of Agony           Necr           17%        N/A       100%        5
 Freezing Cloud           Conj/Ice/Air   8%         6-21      100%        5
 Yara's Violent Unravell  Hex/Alch       8%         3d5       100%        5
 Death Channel            Necr           8%         N/A       100%        6


Dungeon Overview and Level Annotations

Branches:
Dungeon (13/15)            Temple (1/1) D:6            Lair (5/5) D:10
 Shoals (0/4) Lair:2        Snake (0/4) Lair:2          Orc (0/2) D:10
  Slime: Lair:4-5    Vaults: D:13-14

Altars:
Ashenzari
Cheibriados
Dithmenos
Elyvilon
Fedhas
Gozag
Hepliaklqana
Kikubaaqudgha
Makhleb
Nemelex Xobeh
Okawaru
Qazlal
Ru
Sif Muna
Trog
Uskayaw
Vehumet
Wu Jian
Xom
Yredelemnul
Zin
The Shining One

Shops:
D:13 [*

Annotations:
D:5 7 runed translucent doors, DeathSocks's ghost, novice MiMo
D:11 4 runed translucent doors
D:13 1 runed translucent door, exclusion: orange crystal statue
Lair:3 3 runed translucent doors, ChongLi's ghost, journeyman DsDe


Innate Abilities, Weirdness & Mutations

You are a hulking beast.
Your limbs bulge with bestial killing power. (Slay +4)
You are immune to poison.
You have very sharp teeth.
Your uncanny sense of smell can sniff out nearby items.
Your experience applies equally to all skills.
You have a pair of small antennae on your head.
You occasionally shout uncontrollably at your foes.


Message History

* * * LOW HITPOINT WARNING * * *
The blink frog is engulfed in calcifying dust. x2
The blink frog is engulfed in calcifying dust. x4
A dream sheep comes into view.
The basilisk bites you but does no damage.
The elephant tramples you but does no damage.
The elephant trunk-slaps you but does no damage.
Your surroundings suddenly seem different.
A black mamba and a five-headed hydra come into view.
You feel a howl rip itself from your throat, but you make no sound!
Found a scroll labelled DOODIX BUENUO.
Found a stone staircase leading up.
The black mamba hisses angrily.
The black mamba bites you but does no damage.
The black mamba is engulfed in a thunderstorm.
The black mamba bites you.
* * * LOW HITPOINT WARNING * * *
The black mamba bites you.
* * * LOW HITPOINT WARNING * * *
The black mamba bites you.
* * * LOW HITPOINT WARNING * * *
The black mamba is engulfed in a thunderstorm.
The black mamba bites you!
* * * LOW HITPOINT WARNING * * *
The black mamba is engulfed in a thunderstorm.
You kill the black mamba!
Qazlal accepts your kill. The five-headed hydra bites you!
* * * LOW HITPOINT WARNING * * *
The five-headed hydra bites you!
* * * LOW HITPOINT WARNING * * *
The five-headed hydra bites you!
* * * LOW HITPOINT WARNING * * *
The five-headed hydra bites you but does no damage.
The five-headed hydra bites you.
* * * LOW HITPOINT WARNING * * *
The five-headed hydra bites you!
* * * LOW HITPOINT WARNING * * *
The five-headed hydra bites you but does no damage.
The five-headed hydra bites you!
You die...

#...........
.. .....#. #
.P...... #.
.#.P..# . #..
..P..# ...
...#...°#....
#☼°..○....P
#☼.h......P
#.....D†#....P
#.....§..# ...
#..#P...... .
#. #..P.#... #
........P..
....... .?..
...P.<.P.....


You could see a five-headed hydra.

Vanquished Creatures
  Rupert (Lair:3)
  Gastronok (Lair:2)
  A hydra (Lair:3)
  3 boulder beetles
  4 two-headed ogres
  Pikel (D:6)
  A deep elf pyromancer (D:9)
  A manticore (D:11)
  An oklob plant (Lair:3)
  A cyclops (D:11)
  3 elephants
  A black mamba (Lair:5)
  2 gargoyles (D:12)
  5 cane toads
  A kobold demonologist (D:10)
  An unseen horror (D:11)
  A rime drake (Lair:1)
  2 komodo dragons (Lair:2)
  3 trolls
  2 polar bears (Lair:3)
  3 hornets
  4 blink frogs (Lair:1)
  A slime creature (D:9)
  Sigmund (D:6)
  2 shadows
  3 wraiths
  Eustachio (D:6)
  23 yaks
  A vampire (D:11)
  7 wyverns
  A water elemental (D:12)
  A redback (D:12)
  3 basilisks
  A steam dragon (D:9)
  Grum (D:8)
  4 vampire mosquitoes
  4 nagas
  9 water moccasins
  2 hell hounds (Lair:1)
  3 orc warriors
  2 ice beasts
  2 sky beasts (D:7)
  Duvessa (D:4)
  5 black bears
  12 wolves
  A lemure (D:6)
  12 centaurs
  2 phantoms
  2 kobold brigands
  2 gnoll sergeants (D:10)
  6 scorpions
  12 bullfrogs
  8 wights
  Dowan (D:4)
  2 killer bees
  4 electric eels
  12 howler monkeys
  3 orc priests
  3 jellies
  A gnoll bouda (D:7)
  3 hounds
  8 orc wizards
  3 sleepcaps
  3 iguanas
  16 gnolls
  9 adders
  2 shadow imps
  2 ufetubi (D:5)
  2 dart slugs
  3 ribbon worms
  21 orcs
  5 ball pythons
  8 endoplasms
  3 giant cockroaches (D:3)
  9 goblins
  6 hobgoblins
  3 jackals (D:4)
  14 kobolds
  3 quokkas
  6 bats
  4 frilled lizards
  9 rats
  A butterfly (Lair:3)
347 creatures vanquished.

Vanquished Creatures (others)
  A shadow (D:11)
  2 kobolds (D:8)
3 creatures vanquished.

Grand Total: 350 creatures vanquished

Notes
Turn   | Place    | Note
-------+----------+-------------------------------------------
     0 | D:1      | MisterAzrael the Gnoll Shapeshifter began the quest for the
                  | Orb.
     0 | D:1      | Reached XP level 1. HP: 17/17 MP: 1/1
   134 | D:1      | Reached XP level 2. HP: 23/23 MP: 2/2
   718 | D:2      | Reached XP level 3. HP: 26/28 MP: 3/3
  1292 | D:3      | Reached skill level 1 in Invocations
  1303 | D:3      | Reached skill level 1 in Short Blades
  1303 | D:3      | Reached skill level 1 in Long Blades
  1303 | D:3      | Reached skill level 1 in Axes
  1303 | D:3      | Reached skill level 1 in Maces & Flails
  1303 | D:3      | Reached skill level 1 in Polearms
  1303 | D:3      | Reached skill level 1 in Staves
  1303 | D:3      | Reached skill level 1 in Ranged Weapons
  1303 | D:3      | Reached skill level 1 in Throwing
  1303 | D:3      | Reached skill level 1 in Armour
  1303 | D:3      | Reached skill level 1 in Stealth
  1303 | D:3      | Reached skill level 1 in Shields
  1303 | D:3      | Reached skill level 1 in Spellcasting
  1303 | D:3      | Reached skill level 1 in Evocations
  1348 | D:3      | Reached XP level 4. HP: 34/34 MP: 5/5
  1561 | D:3      | Reached skill level 1 in Conjurations
  1561 | D:3      | Reached skill level 1 in Hexes
  1561 | D:3      | Reached skill level 1 in Summonings
  1561 | D:3      | Reached skill level 1 in Necromancy
  1561 | D:3      | Reached skill level 1 in Translocations
  1561 | D:3      | Reached skill level 1 in Fire Magic
  1561 | D:3      | Reached skill level 1 in Ice Magic
  1561 | D:3      | Reached skill level 1 in Air Magic
  1561 | D:3      | Reached skill level 1 in Earth Magic
  1561 | D:3      | Reached skill level 1 in Alchemy
  2144 | D:3      | Reached XP level 5. HP: 21/40 MP: 5/7
  2612 | D:4      | Reached XP level 6. HP: 33/47 MP: 8/8
  2911 | D:4      | Noticed Duvessa
  2911 | D:4      | Noticed Dowan
  2932 | D:4      | Killed Duvessa
  2933 | D:4      | Reached skill level 5 in Dodging
  3106 | D:4      | Killed Dowan
  3520 | D:5      | Entered Level 5 of the Dungeon
  3653 | D:5      | Reached XP level 7. HP: 50/52 MP: 10/10
  3894 | D:5      | Found a runed translucent gate.
  3900 | D:5      | Found a runed translucent gate.
  3903 | D:5      | Noticed DeathSocks's ghost (novice MiMo)
  3906 | D:5      | Found a runed translucent gate.
  3984 | D:5      | Found a large runed translucent door.
  3986 | D:5      | Found a large runed translucent door.
  4064 | D:5      | Found a large runed translucent door.
  4064 | D:5      | Found a large runed translucent door.
  4153 | D:5      | Noticed a hornet
  4157 | D:5      | Paralysed by a hornet for 2 turns
  4165 | D:5      | Killed a hornet
  4166 | D:5      | Reached XP level 8. HP: 22/60 MP: 12/12
  4447 | D:5      | Noticed a yak
  4809 | D:5      | Killed a yak
  5065 | D:6      | Noticed Sigmund
  5072 | D:6      | Killed Sigmund
  5241 | D:6      | Noticed Eustachio
  5254 | D:6      | Killed Eustachio
  5255 | D:6      | Reached XP level 9. HP: 56/67 MP: 13/15
  5308 | D:6      | Reached skill level 5 in Fighting
  5590 | D:6      | Noticed Pikel
  5607 | D:6      | Killed Pikel
  5608 | D:6      | Reached skill level 5 in Invocations
  5863 | D:6      | Found a staircase to the Ecumenical Temple.
  5894 | Temple   | Entered the Ecumenical Temple
  5908 | Temple   | Became a worshipper of Qazlal Stormbringer
  6555 | D:7      | Noticed a kobold demonologist
  6644 | D:7      | Found a blossoming altar of Fedhas.
  6671 | D:7      | Found Fikkazoy's Armour Shoppe.
  6865 | D:7      | Noticed a hornet
  6873 | D:7      | Killed a hornet
  6874 | D:7      | Reached skill level 5 in Short Blades
  6874 | D:7      | Reached skill level 5 in Long Blades
  6874 | D:7      | Reached skill level 5 in Axes
  6874 | D:7      | Reached skill level 5 in Maces & Flails
  6874 | D:7      | Reached skill level 5 in Polearms
  6874 | D:7      | Reached skill level 5 in Staves
  6874 | D:7      | Reached skill level 5 in Ranged Weapons
  6874 | D:7      | Reached skill level 5 in Throwing
  6874 | D:7      | Reached skill level 5 in Armour
  6874 | D:7      | Reached skill level 5 in Stealth
  6874 | D:7      | Reached skill level 5 in Shields
  6874 | D:7      | Reached skill level 5 in Spellcasting
  6874 | D:7      | Reached skill level 5 in Evocations
  6874 | D:7      | Reached XP level 10. HP: 76/76 MP: 17/17
  7615 | D:9      | Noticed a deep elf pyromancer
  7769 | D:8      | Noticed Grum
  7774 | D:8      | Killed Grum
  8162 | D:9      | Reached * piety under Qazlal
  8294 | D:9      | Killed a deep elf pyromancer
  8432 | D:9      | Found a glowing golden altar of the Shining One.
  8517 | D:9      | Identified the +0 plate armour of Arryul {rCorr}
  8879 | D:9      | Reached skill level 5 in Conjurations
  8879 | D:9      | Reached skill level 5 in Hexes
  8879 | D:9      | Reached skill level 5 in Summonings
  8879 | D:9      | Reached skill level 5 in Necromancy
  8879 | D:9      | Reached skill level 5 in Translocations
  8879 | D:9      | Reached skill level 5 in Fire Magic
  8879 | D:9      | Reached skill level 5 in Ice Magic
  8879 | D:9      | Reached skill level 5 in Air Magic
  8879 | D:9      | Reached skill level 5 in Earth Magic
  8879 | D:9      | Reached skill level 5 in Alchemy
  8879 | D:9      | Reached XP level 11. HP: 43/83 MP: 8/20
  8948 | D:9      | Noticed a two-headed ogre
  8958 | D:9      | Killed a two-headed ogre
  9055 | D:9      | Reached ** piety under Qazlal
  9247 | D:10     | Entered Level 10 of the Dungeon
  9247 | D:10     | Noticed a two-headed ogre
  9257 | D:10     | Killed a two-headed ogre
  9308 | D:10     | Learned a level 3 spell: Ozocubu's Armour
  9548 | D:10     | Found a staircase to the Lair.
  9815 | D:10     | Found a staircase to the Orcish Mines.
  9853 | D:10     | Learned a level 3 spell: Fugue of the Fallen
 10200 | D:11     | Noticed a boulder beetle
 10339 | D:11     | Found a runed translucent door.
 10347 | D:11     | Killed a boulder beetle
 10477 | D:11     | Found a runed translucent door.
 10491 | D:11     | Noticed a cyclops
 10499 | D:11     | Killed a cyclops
 10633 | D:11     | Reached *** piety under Qazlal
 10820 | D:11     | Found a runed translucent door.
 10831 | D:11     | Found a runed translucent door.
 10972 | D:11     | Noticed a manticore
 10988 | D:11     | Killed a manticore
 11005 | D:11     | Reached XP level 12. HP: 81/91 MP: 22/22
 11448 | D:11     | Gained mutation: You are occasionally teleported next to
                  | monsters. [potion of mutation]
 11448 | D:11     | Gained mutation: You are partially covered in iridescent
                  | scales. (AC +2) [potion of mutation]
 11449 | D:11     | Lost mutation: You are partially covered in iridescent
                  | scales. (AC +2) [potion of mutation]
 11449 | D:11     | Lost mutation: You are occasionally teleported next to
                  | monsters. [potion of mutation]
 11449 | D:11     | Gained mutation: You occasionally shout uncontrollably at
                  | your foes. [potion of mutation]
 11449 | D:11     | Gained mutation: You have a pair of small antennae on your
                  | head. [potion of mutation]
 11558 | D:12     | Noticed a two-headed ogre
 11587 | D:12     | Killed a two-headed ogre
 11735 | D:12     | Noticed a two-headed ogre
 11787 | D:12     | Noticed a boulder beetle
 11799 | D:12     | Noticed a two-headed ogre
 11801 | D:12     | a two-headed ogre changed into a redback
 11824 | D:12     | Killed a boulder beetle
 11825 | D:12     | Reached skill level 10 in Unarmed Combat
 12003 | D:12     | Killed a two-headed ogre
 12631 | D:13     | Found a runed translucent door.
 12673 | D:13     | Found Zuqeah's General Store.
 12759 | D:13     | Noticed a boulder beetle
 12787 | D:13     | Killed a boulder beetle
 12927 | D:13     | Found Elus's Antique Armour Emporium.
 13223 | Lair:1   | Entered Level 1 of the Lair of Beasts
 14567 | Lair:2   | Reached XP level 13. HP: 40/99 MP: 25/25
 14749 | Lair:2   | Reached skill level 10 in Shapeshifting
 14967 | Lair:2   | Reached **** piety under Qazlal
 15079 | Lair:2   | Found a staircase to the Snake Pit.
 15626 | Lair:2   | Found a staircase to the Shoals.
 15711 | Lair:2   | Noticed Gastronok
 15730 | Lair:2   | Killed Gastronok
 16165 | Lair:3   | Found a runed translucent gate.
 16167 | Lair:3   | Found a runed translucent gate.
 16172 | Lair:3   | Found a runed translucent gate.
 16611 | Lair:3   | Noticed ChongLi's ghost (journeyman DsDe)
 16639 | Lair:3   | Noticed Rupert
 16652 | Lair:3   | Killed Rupert
 17536 | Lair:5   | Entered Level 5 of the Lair of Beasts
 17576 | Lair:5   | HP: 5/101 [five-headed hydra (2)]
 17577 | Lair:5   | HP: 1/101 [five-headed hydra (5)]
 17577 | Lair:5   | Slain by a five-headed hydra

Illustrated notes

Levels and vault maps discovered:
D:1:      wander_arrival_fairy_ring, layout_basic
D:2:      layout_rooms, grunt_decor_clamped
D:3:      minmay_chambers_of_threes, layout_loops_ring,
          minmay_fractal_squares_diagonal_5
D:4:      layout_basic, uniq_duvessa
D:5:      layout_basic, gammafunk_ghost_nasty_kobolds,
          minmay_hollow_rounded_squares
D:6:      layout_gridville, temple_green, corner_web_ring, uniq_eustachio,
          uniq_pikel, uniq_sigmund
D:7:      layout_loops_ring, fedhas_ov_isle_minmay, serial_shops, shop,
          lightli_corner_chamber
D:8:      layout_rooms, uniq_grum
D:9:      minmay_octagon_keep, layout_small_grid, mainiacjoe_overflow_24_doors,
          minmay_checkerbox
D:10:     layout_rooms, due_lair_maze_entry_diamond
D:11:     layout_long_grid, serial_bayou_ford_a, minmay_statue_crystal_thing
D:12:     layout_basic, nicolae_concentric_dashed_squares_wild
D:13:     layout_cave_pools, erik_vaults_1, serial_shops, statue_bzr, shop,
          nicolae_shop_stone, ebering_ghost_funeral_grove
Temple:   nicolae_temple_slightly_damp_pantheon
Lair:1:   layout_regular_city, enter_volcano_3
Lair:2:   layout_cave_pods, shoals_dummy_entry,
          minmay_snake_entry_guardpost_small, serial_bayou_shore_a,
          uniq_gastronok
Lair:3:   layout_layer_cave, gammafunk_ghost_icy, infiniplex_staircase_pool,
          lemuel_fruit_fields, uniq_rupert
Lair:4:   layout_roguey, minmay_slime_entry_pillars, portal_ice_cave_rime,
          grunt_megastairs_2, infiniplex_staircase_pool_2, uniq_josephine
Lair:5:   grunt_lair_end_beastmaster, layout_long_grid,
          chequers_serial_rivers_large_a

Skill      XL: |  1  2  3  4  5  6  7  8  9 10 11 12 13 |
---------------+----------------------------------------+-----
Invocations    | 1 2 3 4 5 6 7 8 9 |  9.5
Short Blades   | 1 2 3 4 5 6 7 8 |  8.7
Long Blades    | 1 2 3 4 5 6 7 8 |  8.7
Axes           | 1 2 3 4 5 6 7 8 |  8.7
Maces & Flails | 1 2 3 4 5 6 7 8 |  8.7
Polearms       | 1 2 3 4 5 6 7 8 |  8.7
Staves         | 1 2 3 4 5 6 7 8 |  8.7
Ranged Weapons | 1 2 3 4 5 6 7 8 |  8.7
Throwing       | 1 2 3 4 5 6 7 8 |  8.7
Armour         | 1 2 3 4 5 6 7 8 |  8.7
Stealth        | 1 2 3 4 5 6 7 8 |  8.7
Shields        | 1 2 3 4 5 6 7 8 |  8.7
Spellcasting   | 1 2 3 4 5 6 7 8 |  8.7
Evocations     | 1 2 3 4 5 6 7 8 |  8.7
Conjurations   | 1 2 3 4 5 6 7 |  7.3
Hexes          | 1 2 3 4 5 6 7 |  7.3
Summonings     | 1 2 3 4 5 6 7 |  7.3
Necromancy     | 1 2 3 4 5 6 7 |  7.3
Translocations | 1 2 3 4 5 6 7 |  7.3
Fire Magic     | 1 2 3 4 5 6 7 |  7.3
Ice Magic      | 1 2 3 4 5 6 7 |  7.3
Air Magic      | 1 2 3 4 5 6 7 |  7.3
Earth Magic    | 1 2 3 4 5 6 7 |  7.3
Alchemy        | 1 2 3 4 5 6 7 |  7.3
Fighting       | 3 4 5 6 7 8 9 |  9.2
Dodging        | 5 6 7 8 9 |  9.9
Unarmed Combat | 7 8 9 10 | 10.9
Shapeshifting  | 7 8 9 10 | 10.3

Action                     |  1- 3 |  4- 6 |  7- 9 | 10-12 | 13-15 || total
---------------------------+-------+-------+-------+-------+-------++-------
  Melee: Unarmed           |    67 |   111 |   215 |   682 |   221 ||  1296
         Bite              |     6 |     9 |    30 |   104 |    45 ||   194
         Punch             |     2 |     5 |    17 |       |       ||    24
  Throw: Dart              |       |       |       |    21 |       ||    21
         Throwing net      |       |       |       |     1 |       ||     1
   Cast: Fugue of the Fall |       |       |       |     1 |       ||     1
 Invoke: Upheaval          |       |       |       |     2 |     1 ||     3
  Evoke: Wand              |       |       |     3 |    59 |     4 ||    66
         Phial of floods   |       |       |       |     1 |       ||     1
    Use: Scroll            |     4 |     1 |    10 |    18 |     5 ||    38
         Potion            |       |     3 |     3 |    12 |     7 ||    25
   Stab: Sleeping          |     3 |     8 |       |       |       ||    11
         Fleeing           |       |     1 |       |       |       ||     1
         Paralysed         |       |       |     4 |    30 |    18 ||    52
 Armour: Animal skin       |    17 |    32 |       |       |       ||    49
         Plate armour      |       |    31 |   242 |   281 |   138 ||   692
         Skin              |       |     1 |    10 |    29 |       ||    40
         Troll leather arm |       |       |       |   119 |       ||   119
  Dodge: Dodged            |    29 |    49 |    88 |   205 |    50 ||   421
  Block: Kite shield       |       |       |     7 |   730 |   203 ||   940
         Reflection        |       |       |       |    47 |     4 ||    51

Table legend: (Time is in decaauts)
 A = Elapsed time spent in this place.
 B = Non-inter-level travel time spent in this place.
 C = Inter-level travel time spent in this place.
 D = Time resting spent in this place.
 E = Time spent auto-exploring this place.
 F = Levels seen in this place.
 G = Mean time per level.
                   A        B        C        D        E       F      G
               +--------+--------+--------+--------+--------+-----+--------+
         Total |  17487 |  17046 |    441 |   4768 |   8816 |  19 |  920.4 |
       Dungeon |  13111 |  12768 |    343 |   3718 |   6504 |  13 | 1008.5 |
        Temple |     33 |     20 |     13 |      0 |      0 |   1 |   33.0 |
          Lair |   4342 |   4258 |     84 |   1050 |   2311 |   5 |  868.4 |
               +--------+--------+--------+--------+--------+-----+--------+

Top non-repeatable levels by time:
     D:5: 1460 daAuts
  Lair:2: 1433 daAuts
  Lair:1: 1429 daAuts
  Lair:3: 1423 daAuts
     D:9: 1338 daAuts
     D:6: 1334 daAuts
    D:11: 1229 daAuts
    D:12: 1226 daAuts
     D:3: 1127 daAuts
     D:4: 1089 daAuts
    D:10: 1083 daAuts
     D:7: 945 daAuts
     D:2: 633 daAuts
     D:1: 612 daAuts
     D:8: 595 daAuts
